 Dungeon Crawl Stone Soup version 0.20-a0-795-ga03948b (webtiles) character file.

24 Alarkh the Digger (level 2, -4/19 HPs)
             Began as a Demonspawn Earth Elementalist on Mar 1, 2017.
             Slain by a gnoll
             ... wielding a +0 spear
              (13 damage)
             ... on level 2 of the Dungeon.
             The game lasted 00:01:07 (1173 turns).

Alarkh the Digger (Demonspawn Earth Elementalist)   Turns: 1173, Time: 00:01:08

Health: -4/19      AC:  4    Str:  8    XL:     2   Next: 79%
Magic:  5/5        EV: 12    Int: 16    God:
Gold:   21         SH:  0    Dex: 13    Spells: 5/6 levels left

rFire    + . .     SeeInvis .   a - +0 dagger
rCold    . . .     Gourm    .   c - +0 robe
rNeg     . . .     Faith    .   (no shield)
rPois    .         Spirit   .   (no helmet)
rElec    .         Reflect  .   (no cloak)
rCorr    .         Harm     .   (no gloves)
MR       +....                  (no boots)
Stlth    ++........             (no amulet)
Regen    0.5/turn               (no ring)
MPRegen  0.1/turn               (no ring)

@: lethally poisoned (-4 -> -5), flying, very slightly contaminated, hasted,
very quick
A: molten scales 1, fire resistance 1, magic resistance 1, regeneration 1
a: no special abilities


You were on level 2 of the Dungeon.
You were not hungry.

You visited 1 branch of the dungeon, and saw 2 of its levels.

You collected 21 gold pieces.

Inventory:

Hand Weapons
 a - a +0 dagger (weapon)
Armour
 c - a +0 robe (worn)
Jewellery
 m - an uncursed ring of fire
Scrolls
 j - a scroll of identify {unknown}
 k - a scroll of teleportation {unknown}
 l - a scroll of enchant weapon {unknown}
 n - a scroll of remove curse {unknown}
Potions
 b - a potion of mutation
Books
 e - a book of Geomancy

   Spells                             Type                      Level
   a - Sandblast                      Earth                        1
   b - Passwall                       Transmutation/Earth          2
   c - Stone Arrow                    Conjuration/Earth            3
   d - Petrify                        Transmutation/Earth          4
   e - Lee's Rapid Deconstruction     Earth                        5
Comestibles
 d - 2 bread rations
 g - 2 meat rations


   Skills:
 - Level 1.7 Dodging
 - Level 1.7 Stealth
 + Level 2.7 Spellcasting
   Level 0.8 Transmutations
 + Level 3.1 Earth Magic


You had 5 spell levels left.
You knew the following spells:

 Your Spells              Type           Power        Failure   Level  Hunger
a - Sandblast             Erth           ##....       8%          1    #......


Dungeon Overview and Level Annotations

Branches:
Dungeon (2/15)

Altars:


Innate Abilities, Weirdness & Mutations

You are partially covered in molten scales. (AC +2)
Your flesh is heat resistant. (rF+)
You are resistant to hostile enchantments. (MR+)
Your natural rate of healing is unusually fast.


Message History

It was a potion of flight.
You feel very buoyant.
You fly up into the air.
It was a potion of heal wounds.
You feel much better.
It was a potion of haste.
You feel yourself speed up.
You are very lightly contaminated with residual magic.
The gnoll hits you with a spear!
You hit the gnoll but do no damage. The gnoll misses you.
You hit the gnoll but do no damage. The gnoll barely misses you.
You hit the gnoll.
The gnoll is lightly wounded.
The gnoll hits you but does no damage.
You hit the gnoll.
The gnoll is moderately wounded.
The gnoll barely misses you.
The gnoll hits you from afar with a spear of venom.
You are poisoned.
The gnoll hits you from afar with a spear!
Ouch! That really hurt!
You die...

### ##.#
#######..#
#.......##
#.#######
#.# #<#
#@# #g##.#
#gg#..
##.#.#
#.#.#
#.#.#
#.#.#
#.#.#
#...#


You could see 3 gnolls.

Vanquished Creatures
  A dart slug (D:1)
  5 bats (D:1)
  2 giant cockroaches (D:1)
  4 goblins (D:1)
  2 hobgoblins (D:1)
  2 kobolds (D:1)
  2 frilled lizards (D:1)
  A rat (D:1)
19 creatures vanquished.

Notes
Turn   | Place    | Note
-------+----------+-------------------------------------------
     0 | D:1      | Alarkh the Demonspawn Earth Elementalist began the quest for the Orb.
     0 | D:1      | Reached XP level 1. HP: 13/13 MP: 3/3
   255 | D:1      | Gained mutation: You are partially covered in molten scales. (AC +2) [demonic ancestry]
   255 | D:1      | Reached XP level 2. HP: 19/19 MP: 3/5
   284 | D:1      | Reached skill level 3 in Earth Magic
  1151 | D:2      | Gained mutation: You are resistant to hostile enchantments. (MR+) [potion of mutation]
  1151 | D:2      | Gained mutation: Your flesh is heat resistant. (rF+) [potion of mutation]
  1151 | D:2      | Gained mutation: Your natural rate of healing is unusually fast. [potion of mutation]
  1173 | D:2      | Slain by a gnoll

Vault maps used:
D:1:      minmay_arrival_four_circles

Skill      XL: |  1  2 |
---------------+-------+-----
Earth Magic    | 3 |  3.1
Dodging        | |  1.7
Stealth        | |  1.7
Spellcasting   | |  2.7
Transmutations | |  0.8

Action                   || total
-------------------------++-------
Melee: Unarmed           ||     7
       Dagger            ||    18
 Cast: Sandblast         ||    30
  Use: Potion            ||     4
  Eat: Chunk             ||     1
Armor: Robe              ||    11
Dodge: Dodged            ||    27
